CAL (WIN)
WILMINGTON BLUE ROCKS @ ST. LUCIE METS
12/08/2045
 
TOP OF THE 1ST
Wilmington Blue Rocks batting - Pitching for St. Lucie Mets : LHP Jared Deckard
Pitching: LHP Jared Deckard
Batting: RHB Aaron Moore 0-0: Ball
1-0: Swinging Strike
1-1: Swinging Strike
1-2: Foul Ball, location: 2F
1-2: Ball
2-2: Strikes out swinging, 2-3 out at first.
Batting: RHB Danny Weisse 0-0: Called Strike
0-1: Ball
1-1: Swinging Strike
1-2: Ground out 1-3 (Groundball, 13S, EV 70.6 MPH)
Batting: RHB Taisei Fujii 0-0: Ball
1-0: Called Strike
1-1: Ball
2-1: Called Strike
2-2: Foul Ball, location: 2F
2-2: Strikes out swinging
Top of the 1st over - 0 runs, 0 hits, 0 errors, 0 left on base; Wilmington 0 - St. Lucie 0
BOTTOM OF THE 1ST
St. Lucie Mets batting - Pitching for Wilmington Blue Rocks : RHP Matthew Orphan
Pitching: RHP Matthew Orphan
Batting: RHB Oscar Bravo 0-0: Ball
1-0: Swinging Strike
1-1: Called Strike
1-2: Strikes out swinging
Batting: RHB Chris Artz 0-0: Ground out 6-3 (Groundball, 6, EV 81.2 MPH)
Batting: RHB Danny Runberg 0-0: Called Strike
0-1: Ball
1-1: Swinging Strike
1-2: Ball
2-2: Foul Ball, location: 2F
2-2: Strikes out swinging
Bottom of the 1st over - 0 runs, 0 hits, 0 errors, 0 left on base; Wilmington 0 - St. Lucie 0
TOP OF THE 2ND
Wilmington Blue Rocks batting - Pitching for St. Lucie Mets : LHP Jared Deckard
Batting: RHB Ken Postlethwaite 0-0: Called Strike
0-1: SINGLE (Line Drive, 5D, EV 97.5 MPH)
Batting: RHB Alex Cid 0-0: Foul Ball, location: 2F
0-1: Ball
1-1: Ball
2-1: Fly out, F9 (Flyball, 9S, EV 87.5 MPH)
Batting: RHB Kevin Roseen 0-0: Fly out, F8 (Flyball, 78D, EV 93.8 MPH)
Batting: RHB Yi-lin Niu 0-0: Called Strike
0-1: Ball
1-1: Called Strike
1-2: Fielders Choice at 2nd, 5-4 (Groundball, 56, EV 88.8 MPH)
Top of the 2nd over - 0 runs, 1 hit, 0 errors, 1 left on base; Wilmington 0 - St. Lucie 0
BOTTOM OF THE 2ND
St. Lucie Mets batting - Pitching for Wilmington Blue Rocks : RHP Matthew Orphan
Batting: SHB Masatoshi Akahoshi 0-0: Ball
1-0: Ground out 6-3 (Groundball, 6, EV 79.4 MPH)
Batting: SHB Jerry Burrows 0-0: Ball
1-0: Ball
2-0: Ball
3-0: Base on Balls
Batting: RHB Mike Hanks 0-0: Foul Ball, location: 2F
0-1: Ball
1-1: Ball
2-1: Fly out, F7 (Flyball, 78D, EV 81.2 MPH)
Batting: LHB Matt Baker 0-0: Called Strike
0-1: Foul Ball, location: 2F
0-2: Ball
1-2: Ball
2-2: Ball
3-2: Foul Ball, location: 2F
3-2: Foul Ball, location: 2F
3-2: TRIPLE (Line Drive, 89XD, EV 103.1 MPH)
Jerry Burrows scores
Batting: RHB Brian Bonin 0-0: Ball
1-0: Ball
2-0: Called Strike
2-1: Fly out, F8 (Flyball, 8RD, EV 98.1 MPH)
Bottom of the 2nd over - 1 run, 1 hit, 0 errors, 1 left on base; Wilmington 0 - St. Lucie 1
TOP OF THE 3RD
Wilmington Blue Rocks batting - Pitching for St. Lucie Mets : LHP Jared Deckard
Batting: RHB Kevin Allen 0-0: Swinging Strike
0-1: Foul Ball, location: 2F
0-2: Strikes out swinging
Batting: RHB Ben Minge 0-0: Ball
1-0: Called Strike
1-1: Ball
2-1: Swinging Strike
2-2: Ball
3-2: Foul Ball, location: 2F
3-2: Strikes out swinging
Batting: RHB Aaron Moore 0-0: Ball
1-0: Called Strike
1-1: Ball
2-1: SOLO HOME RUN (Flyball, 78XD, EV 96.9 MPH), Distance : 403 ft
Batting: RHB Danny Weisse 0-0: Ball
1-0: Ball
2-0: Called Strike
2-1: SOLO HOME RUN (Flyball, 7D, EV 99.4 MPH), Distance : 388 ft
Batting: RHB Taisei Fujii 0-0: Ball
1-0: Called Strike
1-1: DOUBLE (Flyball, 8LXD, EV 95.6 MPH)
Batting: RHB Ken Postlethwaite 0-0: Ball
1-0: Ball
2-0: Foul Ball, location: 2F
2-1: Ball
3-1: SINGLE (Groundball, 6D, EV 106.9 MPH)
Taisei Fujii to third
Runner from 3rd tries for Home, SAFE, throw by CF to home
Ken Postlethwaite to second
Batting: RHB Alex Cid 0-0: Ball
1-0: Ball
2-0: Ball
3-0: Called Strike
3-1: Swinging Strike
3-2: Foul Ball, location: 2F
3-2: Strikes out swinging
Top of the 3rd over - 3 runs, 4 hits, 0 errors, 1 left on base; Wilmington 3 - St. Lucie 1
BOTTOM OF THE 3RD
St. Lucie Mets batting - Pitching for Wilmington Blue Rocks : RHP Matthew Orphan
Batting: RHB Michael Youngberry 0-0: Ball
1-0: Ball
2-0: Foul Ball, location: 2F
2-1: Foul Ball, location: 2F
2-2: Foul Ball, location: 2F
2-2: Strikes out swinging
Batting: RHB Oscar Bravo 0-0: Swinging Strike
0-1: Swinging Strike
0-2: Foul Ball, location: 2F
0-2: Foul Ball, location: 2F
0-2: Strikes out swinging
Batting: RHB Chris Artz 0-0: Called Strike
0-1: Ball
1-1: Called Strike
1-2: Ball
2-2: Foul Ball, location: 2F
2-2: Ball
3-2: Base on Balls
Batting: RHB Danny Runberg 0-0: 2-RUN HOME RUN (Flyball, 78XD, EV 106.9 MPH), Distance : 415 ft
Batting: SHB Masatoshi Akahoshi 0-0: Ball
1-0: Foul Ball, location: 2F
1-1: Swinging Strike
1-2: Ball
2-2: Foul Ball, location: 2F
2-2: Strikes out swinging
Bottom of the 3rd over - 2 runs, 1 hit, 0 errors, 0 left on base; Wilmington 3 - St. Lucie 3
TOP OF THE 4TH
Wilmington Blue Rocks batting - Pitching for St. Lucie Mets : LHP Jared Deckard
Batting: RHB Kevin Roseen 0-0: Ball
1-0: Ball
2-0: Called Strike
2-1: Called Strike
2-2: Ball
3-2: Foul Ball, location: 2F
3-2: Foul Ball, location: 2F
3-2: Foul Ball, location: 2F
3-2: Base on Balls
Batting: RHB Yi-lin Niu 0-0: Called Strike
0-1: Ball
1-1: Ball
2-1: Ball
3-1: Base on Balls
Kevin Roseen to second
Batting: RHB Kevin Allen 0-0: Grounds into double play, 6-4-3 (Groundball, 6, EV 103.1 MPH)
Kevin Roseen to third
Batting: RHB Ben Minge 0-0: Ball
1-0: Called Strike
1-1: Reached on error, E1 (Groundball, 15S, EV 71.2 MPH)
Kevin Roseen scores
Batting: RHB Aaron Moore 0-0: Ball
1-0: Ball
2-0: Foul Ball, location: 2F
2-1: Ball
3-1: Called Strike
3-2: Fly out, F7 (Flyball, 7D, EV 105.0 MPH)
Top of the 4th over - 1 run, 0 hits, 1 error, 1 left on base; Wilmington 4 - St. Lucie 3
BOTTOM OF THE 4TH
St. Lucie Mets batting - Pitching for Wilmington Blue Rocks : RHP Matthew Orphan
Batting: SHB Jerry Burrows 0-0: Ground out U3 (Groundball, 3, EV 105.0 MPH)
Batting: RHB Mike Hanks 0-0: Called Strike
0-1: Ball
1-1: Swinging Strike
1-2: Foul Ball, location: 2F
1-2: Foul Ball, location: 2F
1-2: Strikes out looking
Batting: LHB Matt Baker 0-0: Ball
1-0: Ball
2-0: Ball
3-0: Swinging Strike
3-1: TRIPLE (Line Drive, 89XD, EV 96.9 MPH)
Batting: RHB Brian Bonin 0-0: Called Strike
0-1: Ball
1-1: Swinging Strike
1-2: Strikes out swinging
Bottom of the 4th over - 0 runs, 1 hit, 0 errors, 1 left on base; Wilmington 4 - St. Lucie 3
TOP OF THE 5TH
Wilmington Blue Rocks batting - Pitching for St. Lucie Mets : LHP Jared Deckard
Batting: RHB Danny Weisse 0-0: Foul Ball, location: 2F
0-1: Ball
1-1: Called Strike
1-2: Strikes out swinging
Pitching: RHP Francis Cornick
Batting: RHB Taisei Fujii 0-0: Ball
1-0: Foul Ball, location: 2F
1-1: Foul Ball, location: 2F
1-2: Ball
2-2: Ball
3-2: Foul Ball, location: 2F
3-2: Ground out 1-3 (Groundball, 13S, EV 67.5 MPH)
Batting: RHB Ken Postlethwaite 0-0: Foul Ball, location: 2F
0-1: Ball
1-1: Swinging Strike
1-2: Foul Ball, location: 2F
1-2: Ball
2-2: SINGLE (Groundball, 6MD, EV 107.5 MPH)
Batting: RHB Alex Cid 0-0: Ball
1-0: Ball
Ken Postlethwaite steals 2nd base
2-0: Foul Ball, location: 2F
2-1: Fly out, F9 (Flyball, 9S, EV 93.8 MPH)
Top of the 5th over - 0 runs, 1 hit, 0 errors, 1 left on base; Wilmington 4 - St. Lucie 3
BOTTOM OF THE 5TH
St. Lucie Mets batting - Pitching for Wilmington Blue Rocks : RHP Matthew Orphan
Batting: RHB Michael Youngberry 0-0: Called Strike
0-1: Ball
1-1: Ball
2-1: Ball
3-1: Base on Balls
Batting: RHB Oscar Bravo 0-0: Called Strike
0-1: Swinging Strike
0-2: Foul Ball, location: 2F
0-2: Foul Ball, location: 2F
0-2: Ball
1-2: Fielders Choice at 2nd, 4-6 (Groundball, 4, EV 109.4 MPH)
Pitching: RHP Tim Tucker
Batting: RHB Chris Artz 0-0: Swinging Strike
0-1: Swinging Strike
0-2: Ball
1-2: Ball
2-2: Strikes out swinging
Batting: RHB Danny Runberg 0-0: Foul Ball, location: 2F
0-1: Swinging Strike
0-2: Strikes out swinging
Bottom of the 5th over - 0 runs, 0 hits, 0 errors, 1 left on base; Wilmington 4 - St. Lucie 3
TOP OF THE 6TH
Wilmington Blue Rocks batting - Pitching for St. Lucie Mets : RHP Francis Cornick
Batting: RHB Kevin Roseen 0-0: Ball
1-0: Called Strike
1-1: Ball
2-1: Foul Ball, location: 2F
2-2: SINGLE (Line Drive, 34D, EV 95.0 MPH)
Batting: RHB Yi-lin Niu 0-0: Ball
1-0: Ball
Wild Pitch!
Kevin Roseen to second
2-0: Called Strike
2-1: Ball
3-1: Ground out 5-3 (Groundball, 5S, EV 85.0 MPH)
Batting: RHB Kevin Allen 0-0: Called Strike
0-1: Swinging Strike
0-2: Ball
1-2: Strikes out swinging, 2-3 out at first.
Batting: RHB Ben Minge 0-0: Ball
1-0: Ground out 4-3 (Groundball, 4, EV 102.5 MPH)
Top of the 6th over - 0 runs, 1 hit, 0 errors, 1 left on base; Wilmington 4 - St. Lucie 3
BOTTOM OF THE 6TH
St. Lucie Mets batting - Pitching for Wilmington Blue Rocks : RHP Tim Tucker
Batting: SHB Masatoshi Akahoshi 0-0: Ball
1-0: Ball
2-0: Foul Ball, location: 2F
2-1: Foul Ball, location: 2F
2-2: Strikes out swinging
Batting: SHB Jerry Burrows 0-0: Called Strike
0-1: Foul Ball, location: 2F
0-2: Ball
1-2: Strikes out swinging
Batting: RHB Mike Hanks 0-0: Fly out, F9 (Line Drive, 9, EV 95.0 MPH)
Bottom of the 6th over - 0 runs, 0 hits, 0 errors, 0 left on base; Wilmington 4 - St. Lucie 3
TOP OF THE 7TH
Wilmington Blue Rocks batting - Pitching for St. Lucie Mets : RHP Francis Cornick
Pitching: RHP Ryan Wilson
Batting: RHB Aaron Moore 0-0: Foul Ball, location: 2F
0-1: Ball
1-1: Ball
2-1: Foul Ball, location: 2F
2-2: Strikes out swinging
Batting: RHB Danny Weisse 0-0: Foul Ball, location: 2F
0-1: Foul Ball, location: 2F
0-2: Strikes out swinging
Batting: RHB Taisei Fujii 0-0: Called Strike
0-1: Foul Ball, location: 2F
0-2: SINGLE (Line Drive, 4MD, EV 105.6 MPH)
Batting: RHB Ken Postlethwaite 0-0: Called Strike
0-1: Ball
1-1: Called Strike
1-2: SINGLE (Groundball, 5S, EV 70.0 MPH) (infield hit)
Taisei Fujii to second
Batting: RHB Alex Cid 0-0: Ball
1-0: Called Strike
1-1: Ball
Wild Pitch!
Taisei Fujii to third
Ken Postlethwaite to second
2-1: Ball
3-1: SINGLE (Line Drive, 89M, EV 105.0 MPH)
Taisei Fujii scores
Ken Postlethwaite to third
Batting: RHB Kevin Roseen 0-0: Swinging Strike
0-1: Ball
1-1: Foul Ball, location: 2F
1-2: Ball
2-2: Foul Ball, location: 2F
2-2: Ground out 4-3 (Groundball, 4, EV 82.5 MPH)
Top of the 7th over - 1 run, 3 hits, 0 errors, 2 left on base; Wilmington 5 - St. Lucie 3
BOTTOM OF THE 7TH
St. Lucie Mets batting - Pitching for Wilmington Blue Rocks : RHP Tim Tucker
Pitching: LHP Ryan Tillett
Batting: LHB Matt Baker 0-0: Ball
1-0: Ball
2-0: Fly out, F5 (Popup, 56S, EV 81.2 MPH)
Batting: RHB Brian Bonin 0-0: Ball
1-0: Hit by Pitch
Pinch Hitting: RHB Jose Lara 0-0: Fielders Choice at 2nd, 3-6 (Groundball, 34S, EV 86.9 MPH)
Batting: RHB Oscar Bravo 0-0: Ball
1-0: Ball
2-0: Ball
3-0: Called Strike
3-1: Fly out, F3 (Popup, 34S, EV 71.2 MPH)
Bottom of the 7th over - 0 runs, 0 hits, 0 errors, 1 left on base; Wilmington 5 - St. Lucie 3
TOP OF THE 8TH
Wilmington Blue Rocks batting - Pitching for St. Lucie Mets : RHP Ryan Wilson
Pitching: RHP Jason Horvath
Now in CF: Matt Baker
Now in RF: Jose Lara
Batting: RHB Yi-lin Niu 0-0: Called Strike
0-1: Ball
1-1: Called Strike
1-2: Foul Ball, location: 2F
1-2: Foul Ball, location: 2F
1-2: DOUBLE (Line Drive, 7LM, EV 85.6 MPH)
Batting: RHB Kevin Allen 0-0: Swinging Strike
0-1: Swinging Strike
0-2: Ball
1-2: Ball
2-2: Foul Ball, location: 2F
2-2: Ball
3-2: Strikes out swinging
Batting: RHB Ben Minge 0-0: Foul Ball, location: 2F
0-1: Called Strike
0-2: Ball
1-2: Ball
2-2: Strikes out looking
Batting: RHB Aaron Moore 0-0: Ball
1-0: Fly out, F9 (Flyball, 89M, EV 86.9 MPH)
Top of the 8th over - 0 runs, 1 hit, 0 errors, 1 left on base; Wilmington 5 - St. Lucie 3
BOTTOM OF THE 8TH
St. Lucie Mets batting - Pitching for Wilmington Blue Rocks : LHP Ryan Tillett
Batting: RHB Chris Artz 0-0: Fly out, F2 (Popup, 2R, EV 91.9 MPH)
Batting: RHB Danny Runberg 0-0: Ground out U3 (Groundball, 34S, EV 87.5 MPH)
Batting: SHB Masatoshi Akahoshi 0-0: Swinging Strike
0-1: Ball
1-1: Foul Ball, location: 2F
1-2: Foul Ball, location: 2F
1-2: Hit by Pitch
Batting: SHB Jerry Burrows 0-0: Ball
1-0: Fly out, F8 (Flyball, 8LD, EV 91.2 MPH)
Bottom of the 8th over - 0 runs, 0 hits, 0 errors, 1 left on base; Wilmington 5 - St. Lucie 3
TOP OF THE 9TH
Wilmington Blue Rocks batting - Pitching for St. Lucie Mets : RHP Jason Horvath
Batting: RHB Danny Weisse 0-0: Foul Ball, location: 2F
0-1: Foul Ball, location: 2F
0-2: Ball
1-2: Foul Ball, location: 2F
1-2: Ball
2-2: Strikes out swinging
Batting: RHB Taisei Fujii 0-0: SINGLE (Groundball, 56D, EV 102.5 MPH)
Batting: RHB Ken Postlethwaite 0-0: Foul Ball, location: 2F
0-1: Called Strike
Taisei Fujii is caught stealing 2nd base 2-4
0-2: Ball
1-2: Ground out 6-3 (Groundball, 6, EV 81.9 MPH)
Top of the 9th over - 0 runs, 1 hit, 0 errors, 0 left on base; Wilmington 5 - St. Lucie 3
BOTTOM OF THE 9TH
St. Lucie Mets batting - Pitching for Wilmington Blue Rocks : LHP Ryan Tillett
Pitching: LHP Walter Whiteman
Batting: RHB Mike Hanks 0-0: Foul Ball, location: 2F
0-1: Fly out, F7 (Flyball, 7S, EV 78.1 MPH)
Pinch Hitting: RHB Jim Freels 0-0: Called Strike
0-1: Ground out 6-3 (Groundball, 6, EV 111.2 MPH)
Batting: RHB Brian Bonin 0-0: Called Strike
0-1: Called Strike
0-2: Foul Ball, location: 2F
0-2: SINGLE (Groundball, 56D, EV 104.4 MPH)
Batting: RHB Jose Lara 0-0: Foul Ball, location: 2F
0-1: Foul Ball, location: 2F
0-2: Ball
Passed Ball!
Brian Bonin to second
1-2: Ball
2-2: SINGLE (Groundball, 4MS, EV 62.5 MPH) (infield hit)
Brian Bonin to third
Batting: RHB Oscar Bravo 0-0: Called Strike
0-1: SINGLE (Flyball, 89S, EV 90.6 MPH)
Brian Bonin scores
Jose Lara to second
Runner from 2nd tries for 3rd, OUT! 9-5
Bottom of the 9th over - 1 run, 3 hits, 0 errors, 1 left on base; Wilmington 5 - St. Lucie 4
Wednesday, June 22nd , 2022 - OOTP Baseball 23.4 Build 64